ORI
UNIVERSITY OF GEORGIA BULLDOGS @ ARIZONA STATE UNIVERSITY SUN DEVILS
09/19/2044
 
TOP OF THE 1ST
University of Georgia Bulldogs batting - Pitching for Arizona State University Sun Devils : RHP Gary Triska
Pitching: RHP Gary Triska
Batting: RHB Janne Vihko 0-0: Foul Ball, location: 2F
0-1: SINGLE (Groundball, 56S, EV 71.3 MPH) (infield hit)
Batting: RHB Giorgi Bezhanishvili 0-0: Ball
1-0: Called Strike
1-1: Fly out, F2 (Popup, 2R, EV 80.6 MPH)
Batting: RHB Homer Petropoulos 0-0: Foul Ball, location: 2F
0-1: Fly out, F7 (Flyball, 78S, EV 87.5 MPH)
Batting: LHB Justin Daley 0-0: Called Strike
Janne Vihko steals 2nd base
0-1: Fly out, F9 (Line Drive, 9, EV 98.1 MPH)
Top of the 1st over - 0 runs, 1 hit, 0 errors, 1 left on base; University of Georgia 0 - Arizona State University 0
BOTTOM OF THE 1ST
Arizona State University Sun Devils batting - Pitching for University of Georgia Bulldogs : RHP Josh Sebok
Pitching: RHP Josh Sebok
Batting: LHB Josh Corkery 0-0: Ball
1-0: Called Strike
1-1: Ball
2-1: SINGLE (Line Drive, 7S, EV 89.4 MPH)
Batting: RHB Wil Ochoa 0-0: Ball
Josh Corkery steals 2nd base
1-0: Foul Ball, location: 2F
1-1: Swinging Strike
1-2: Foul Ball, location: 2F
1-2: Foul Ball, location: 2F
1-2: Foul Ball, location: 2F
1-2: Strikes out swinging
Batting: LHB Travis Hahn 0-0: Called Strike
0-1: Ball
1-1: Foul Ball, location: 2F
1-2: Ground out 4-3 (Groundball, 4, EV 101.3 MPH)
Josh Corkery to third
Batting: LHB Pedro Garza 0-0: Ball
1-0: Foul Ball, location: 2F
1-1: Swinging Strike
1-2: Ball
2-2: Foul Ball, location: 2F
2-2: Ball
3-2: Strikes out looking
Bottom of the 1st over - 0 runs, 1 hit, 0 errors, 1 left on base; University of Georgia 0 - Arizona State University 0
TOP OF THE 2ND
University of Georgia Bulldogs batting - Pitching for Arizona State University Sun Devils : RHP Gary Triska
Batting: LHB Antonio Razo 0-0: Ball
1-0: Ball
2-0: Foul Ball, location: 2F
2-1: SINGLE (Groundball, 6M, EV 89.4 MPH) (infield hit)
Batting: RHB Rip Log 0-0: Called Strike
0-1: Foul Ball, location: 2F
0-2: Foul Ball, location: 2F
0-2: Foul Ball, location: 2F
0-2: Strikes out swinging
Batting: RHB Pedro Gonzalez 0-0: Called Strike
0-1: Ball
1-1: Called Strike
1-2: Strikes out looking
Pitching: RHP Jeff Buchanan
Batting: RHB Patrick Pinault 0-0: Ball
1-0: Ball
Wild Pitch!
Antonio Razo to second
2-0: Called Strike
2-1: Swinging Strike
2-2: Reached on error, E3 (Groundball, 34, EV 83.8 MPH)
Antonio Razo to third
Batting: RHB John Carpenter 0-0: Called Strike
Patrick Pinault steals 2nd base
0-1: Foul Ball, location: 2F
0-2: Foul Ball, location: 2F
0-2: Ball
1-2: Ball
2-2: Foul Ball, location: 2F
2-2: Foul Ball, location: 2F
2-2: Foul Ball, location: 2F
2-2: Ball
3-2: Strikes out looking
Top of the 2nd over - 0 runs, 1 hit, 1 error, 2 left on base; University of Georgia 0 - Arizona State University 0
BOTTOM OF THE 2ND
Arizona State University Sun Devils batting - Pitching for University of Georgia Bulldogs : RHP Josh Sebok
Batting: RHB Yasutaka Yamasaki 0-0: SINGLE (Groundball, 56, EV 100.6 MPH) (infield hit)
Batting: LHB Kazuyoshi Ikeda 0-0: SINGLE (Groundball, 25, EV 73.1 MPH) (infield hit)
Yasutaka Yamasaki to second
Batting: RHB Jaylen North 0-0: Ball
1-0: Ball
2-0: Ball
3-0: Called Strike
3-1: Called Strike
3-2: Base on Balls
Yasutaka Yamasaki to third
Kazuyoshi Ikeda to second
Batting: SHB Yuya Hirata 0-0: Ball
1-0: Called Strike
1-1: Ball
2-1: Foul Ball, location: 2F
2-2: Ball
3-2: Foul Ball, location: 2F
3-2: Foul Ball, location: 2F
3-2: Strikes out swinging
Batting: RHB Charles Mealer 0-0: Called Strike
0-1: Ball
1-1: Ball
2-1: Foul Ball, location: 2F
2-2: Fly out, F8 (Flyball, 8LXD, EV 94.4 MPH)
Runner from 3rd tags up, SCORES, no throw by CF
Batting: LHB Josh Corkery 0-0: Swinging Strike
0-1: Ground out 4-3 (Groundball, 4, EV 104.4 MPH)
Bottom of the 2nd over - 1 run, 2 hits, 0 errors, 2 left on base; University of Georgia 0 - Arizona State University 1
TOP OF THE 3RD
University of Georgia Bulldogs batting - Pitching for Arizona State University Sun Devils : RHP Jeff Buchanan
Batting: RHB Janne Vihko 0-0: Ball
1-0: Ball
2-0: SINGLE (Line Drive, 56, EV 100.0 MPH)
Batting: RHB Giorgi Bezhanishvili 0-0: Called Strike
0-1: Swinging Strike
0-2: Ball
1-2: Foul Ball, location: 2F
1-2: Fly out, F8 (Flyball, 8LXD, EV 90.0 MPH)
Batting: RHB Homer Petropoulos 0-0: Called Strike
0-1: Fly out, F8 (Line Drive, 8RD, EV 101.9 MPH)
Batting: LHB Justin Daley 0-0: Ball
Janne Vihko is caught stealing 2nd base 2-6
Top of the 3rd over - 0 runs, 1 hit, 0 errors, 0 left on base; University of Georgia 0 - Arizona State University 1
BOTTOM OF THE 3RD
Arizona State University Sun Devils batting - Pitching for University of Georgia Bulldogs : RHP Josh Sebok
Batting: RHB Wil Ochoa 0-0: Ball
1-0: Reached on error, E6 (Groundball, 6S, EV 80.6 MPH)
Batting: LHB Travis Hahn 0-0: Ball
Passed Ball!
Wil Ochoa to second
1-0: Foul Ball, location: 2F
1-1: Ball
2-1: Ball
3-1: Base on Balls
Batting: LHB Pedro Garza 0-0: SINGLE (Flyball, 56D, EV 91.3 MPH)
Wil Ochoa to third
Travis Hahn to second
Batting: RHB Yasutaka Yamasaki 0-0: DOUBLE (Line Drive, 7LD, EV 111.3 MPH)
Wil Ochoa scores
Travis Hahn scores
Pedro Garza to third
Batting: LHB Kazuyoshi Ikeda 0-0: Swinging Strike
0-1: Called Strike
0-2: Strikes out swinging
Batting: RHB Jaylen North 0-0: Ball
1-0: Called Strike
1-1: Ball
2-1: Called Strike
2-2: Foul Ball, location: 2F
2-2: Ball
3-2: Foul Ball, location: 2F
3-2: Base on Balls
Batting: SHB Yuya Hirata 0-0: Ball
1-0: DOUBLE (Groundball, 3L, EV 108.8 MPH)
Pedro Garza scores
Yasutaka Yamasaki scores
Jaylen North to third
Runner from 3rd tries for Home, SAFE, throw by RF to home
Pitching: RHP Andres Morales
Batting: RHB Charles Mealer 0-0: Fly out, F3 (Popup, 3S, EV 78.1 MPH)
Batting: LHB Josh Corkery 0-0: Ball
1-0: Ball
2-0: Ball
3-0: Called Strike
3-1: Base on Balls
Batting: RHB Wil Ochoa 0-0: Foul Ball, location: 2F
0-1: Ball
1-1: Swinging Strike
1-2: Foul Ball, location: 2F
1-2: Strikes out swinging
Bottom of the 3rd over - 5 runs, 3 hits, 1 error, 2 left on base; University of Georgia 0 - Arizona State University 6
TOP OF THE 4TH
University of Georgia Bulldogs batting - Pitching for Arizona State University Sun Devils : RHP Jeff Buchanan
Batting: LHB Justin Daley 0-0: Ball
1-0: Called Strike
1-1: Ball
2-1: Fly out, F4 (Popup, 34S, EV 74.4 MPH)
Batting: LHB Antonio Razo 0-0: Ball
1-0: Called Strike
1-1: Ball
2-1: Called Strike
2-2: Ground out 5-3 (Groundball, 25, EV 88.1 MPH)
Batting: RHB Rip Log 0-0: Ball
1-0: Ball
2-0: SINGLE (Flyball, 89S, EV 98.8 MPH)
Batting: RHB Pedro Gonzalez 0-0: Swinging Strike
0-1: SINGLE (Groundball, 25, EV 54.4 MPH) (infield hit)
Rip Log to second
Batting: RHB Patrick Pinault 0-0: Ball
1-0: Ball
2-0: Ground out 5-3 (Groundball, 5S, EV 90.0 MPH)
Top of the 4th over - 0 runs, 2 hits, 0 errors, 2 left on base; University of Georgia 0 - Arizona State University 6
BOTTOM OF THE 4TH
Arizona State University Sun Devils batting - Pitching for University of Georgia Bulldogs : RHP Andres Morales
Batting: LHB Travis Hahn 0-0: SINGLE (Flyball, 5D, EV 91.3 MPH)
Batting: LHB Pedro Garza 0-0: Ball
1-0: Ball
2-0: Called Strike
2-1: Ball
3-1: Base on Balls
Travis Hahn to second
Batting: RHB Yasutaka Yamasaki 0-0: Foul Ball, location: 2F
0-1: Ball
1-1: Foul Ball, location: 2F
1-2: Strikes out swinging
Batting: LHB Kazuyoshi Ikeda 0-0: Ball
1-0: 3-RUN HOME RUN (Flyball, 9D, EV 95.6 MPH), Distance : 377 ft
Batting: RHB Jaylen North 0-0: Fly out, F9 (Flyball, 89M, EV 80.6 MPH)
Batting: SHB Yuya Hirata 0-0: Foul Ball, location: 2F
0-1: Ground out 6-3 (Groundball, 6, EV 98.8 MPH)
Bottom of the 4th over - 3 runs, 2 hits, 0 errors, 0 left on base; University of Georgia 0 - Arizona State University 9
TOP OF THE 5TH
University of Georgia Bulldogs batting - Pitching for Arizona State University Sun Devils : RHP Jeff Buchanan
Batting: RHB John Carpenter 0-0: Ball
1-0: Ball
2-0: Ball
3-0: Called Strike
3-1: Foul Ball, location: 2F
3-2: Base on Balls
Pitching: LHP Tyler MacLean
Batting: RHB Janne Vihko 0-0: Foul Ball, location: 2F
0-1: Grounds into double play, U3-6 (Groundball, 3L, EV 86.9 MPH)
Batting: RHB Giorgi Bezhanishvili 0-0: Foul Ball, location: 2F
0-1: Ball
1-1: Ball
2-1: Ground out 6-3 (Groundball, 6, EV 103.1 MPH)
Top of the 5th over - 0 runs, 0 hits, 0 errors, 0 left on base; University of Georgia 0 - Arizona State University 9
BOTTOM OF THE 5TH
Arizona State University Sun Devils batting - Pitching for University of Georgia Bulldogs : RHP Andres Morales
Batting: RHB Charles Mealer 0-0: Foul Ball, location: 2F
0-1: Fly out, F9 (Flyball, 89S, EV 92.5 MPH)
Batting: LHB Josh Corkery 0-0: SINGLE (Flyball, 89S, EV 94.4 MPH)
Batting: RHB Wil Ochoa 0-0: Ball
1-0: Ball
2-0: Ball
3-0: Called Strike
3-1: Foul Ball, location: 2F
3-2: Strikes out looking
Pitching: RHP Trevor Woodbury
Batting: LHB Travis Hahn 0-0: Called Strike
0-1: Swinging Strike
0-2: Foul Ball, location: 2F
0-2: Foul Ball, location: 2F
0-2: Ball
1-2: Strikes out swinging
Bottom of the 5th over - 0 runs, 1 hit, 0 errors, 1 left on base; University of Georgia 0 - Arizona State University 9
TOP OF THE 6TH
University of Georgia Bulldogs batting - Pitching for Arizona State University Sun Devils : LHP Tyler MacLean
Batting: RHB Homer Petropoulos 0-0: Called Strike
0-1: Called Strike
0-2: Strikes out swinging, 2-3 out at first.
Batting: LHB Justin Daley 0-0: Ground out 6-3 (Groundball, 6, EV 81.9 MPH)
Batting: LHB Antonio Razo 0-0: Called Strike
0-1: Swinging Strike
0-2: Strikes out looking
Top of the 6th over - 0 runs, 0 hits, 0 errors, 0 left on base; University of Georgia 0 - Arizona State University 9
BOTTOM OF THE 6TH
Arizona State University Sun Devils batting - Pitching for University of Georgia Bulldogs : RHP Trevor Woodbury
Batting: LHB Pedro Garza 0-0: Ball
1-0: Ball
2-0: Ball
3-0: Base on Balls
Batting: RHB Yasutaka Yamasaki 0-0: Ball
1-0: Fly out, F7 (Flyball, 7LS, EV 88.1 MPH)
Batting: LHB Kazuyoshi Ikeda 0-0: Ball
1-0: Called Strike
1-1: Called Strike
1-2: Strikes out swinging
Batting: RHB Jaylen North 0-0: Ball
1-0: Foul Ball, location: 2F
1-1: Called Strike
1-2: Ball
2-2: Ball
3-2: Strikes out swinging
Bottom of the 6th over - 0 runs, 0 hits, 0 errors, 1 left on base; University of Georgia 0 - Arizona State University 9
TOP OF THE 7TH
University of Georgia Bulldogs batting - Pitching for Arizona State University Sun Devils : LHP Tyler MacLean
Batting: RHB Rip Log 0-0: Ball
1-0: Ball
2-0: Swinging Strike
2-1: Ball
3-1: Called Strike
3-2: Strikes out swinging
Batting: RHB Pedro Gonzalez 0-0: Called Strike
0-1: Ball
1-1: Swinging Strike
1-2: Foul Ball, location: 2F
1-2: Ball
2-2: Strikes out looking
Batting: RHB Patrick Pinault 0-0: Ball
1-0: Foul Ball, location: 2F
1-1: Foul Ball, location: 2F
1-2: Strikes out swinging
Top of the 7th over - 0 runs, 0 hits, 0 errors, 0 left on base; University of Georgia 0 - Arizona State University 9
BOTTOM OF THE 7TH
Arizona State University Sun Devils batting - Pitching for University of Georgia Bulldogs : RHP Trevor Woodbury
Batting: SHB Yuya Hirata 0-0: Ball
1-0: Called Strike
1-1: Swinging Strike
1-2: Reached on error, E4 (Groundball, 4, EV 89.4 MPH)
Batting: RHB Charles Mealer 0-0: Ball
1-0: Foul Ball, location: 2F
Balk!
Yuya Hirata to third
1-1: SINGLE (Line Drive, 78S, EV 93.8 MPH)
Yuya Hirata scores
Pinch Hitting: RHB John Moore 0-0: Swinging Strike
0-1: Swinging Strike
0-2: Hit by Pitch
Charles Mealer to second
Batting: RHB Wil Ochoa 0-0: Foul Ball, location: 2F
0-1: Ball
1-1: Ball
2-1: Called Strike
2-2: Grounds into double play, 4-6-3 (Groundball, 4, EV 108.8 MPH)
Charles Mealer to third
Batting: LHB Travis Hahn 0-0: Ball
1-0: Called Strike
1-1: Ball
2-1: Ball
3-1: Fly out, F6 (Popup, 15, EV 74.4 MPH)
Bottom of the 7th over - 1 run, 1 hit, 1 error, 1 left on base; University of Georgia 0 - Arizona State University 10
TOP OF THE 8TH
University of Georgia Bulldogs batting - Pitching for Arizona State University Sun Devils : LHP Tyler MacLean
Now at 3B: John Moore
Batting: RHB John Carpenter 0-0: SOLO HOME RUN (Flyball, 78XD, EV 100.6 MPH), Distance : 391 ft
Pinch Hitting: LHB Iestyn Peacock 0-0: Swinging Strike
0-1: Foul Ball, location: 2F
0-2: Ball
1-2: Strikes out swinging
Pinch Hitting: LHB Dave Schaubert 0-0: Called Strike
0-1: Ball
1-1: Called Strike
1-2: SINGLE (Groundball, 6D, EV 100.0 MPH)
Batting: RHB Homer Petropoulos 0-0: Swinging Strike
0-1: Foul Ball, location: 2F
0-2: Ball
Wild Pitch!
Dave Schaubert to second
1-2: SINGLE (Groundball, P, EV 83.1 MPH) (infield hit)
Dave Schaubert to third
Pinch Hitting: RHB Jeff Floyd 0-0: Fielders Choice at 2nd, 6-4 (Groundball, 6M, EV 84.4 MPH)
Dave Schaubert scores
Pinch Hitting: SHB Javy Franco 0-0: Fielders Choice at 2nd, 6-4 (Groundball, 6, EV 83.1 MPH)
Top of the 8th over - 2 runs, 3 hits, 0 errors, 1 left on base; University of Georgia 2 - Arizona State University 10
BOTTOM OF THE 8TH
Arizona State University Sun Devils batting - Pitching for University of Georgia Bulldogs : RHP Trevor Woodbury
Now at 1B: Jeff Floyd
Now in LF: Miguel Herrejon
Now in CF: Iestyn Peacock
Now in RF: Dave Schaubert
Batting: LHB Pedro Garza 0-0: Foul Ball, location: 2F
0-1: Called Strike
0-2: Strikes out swinging
Batting: RHB Yasutaka Yamasaki 0-0: Ball
1-0: Called Strike
1-1: Fly out, F7 (Flyball, 7S, EV 90.6 MPH)
Batting: LHB Kazuyoshi Ikeda 0-0: Called Strike
0-1: Ground out 6-3 (Groundball, 6, EV 100.6 MPH)
Bottom of the 8th over - 0 runs, 0 hits, 0 errors, 0 left on base; University of Georgia 2 - Arizona State University 10
TOP OF THE 9TH
University of Georgia Bulldogs batting - Pitching for Arizona State University Sun Devils : LHP Tyler MacLean
Batting: RHB Rip Log 0-0: Foul Ball, location: 2F
0-1: SINGLE (Groundball, 34D, EV 103.8 MPH)
Batting: RHB Pedro Gonzalez 0-0: Called Strike
0-1: Ball
1-1: Ball
2-1: Ball
3-1: Foul Ball, location: 2F
3-2: Base on Balls
Rip Log to second
Pitching: LHP Jin-song Lim
Pinch Hitting: LHB Mike Holland 0-0: Called Strike
0-1: Fielders Choice at 2nd, 4-6 (Groundball, 4, EV 96.9 MPH)
Rip Log to third
Pinch Hitting: RHB Ivan Barrientos 0-0: Ball
1-0: SINGLE (Groundball, 4MD, EV 104.4 MPH)
Rip Log scores
Mike Holland to second
Pinch Hitting: RHB Jose Garibay 0-0: Hit by Pitch
Mike Holland to third
Ivan Barrientos to second
Batting: LHB Dave Schaubert 0-0: Ball
1-0: Swinging Strike
1-1: Ball
2-1: Foul Ball, location: 2F
2-2: Hit by Pitch
Mike Holland scores
Ivan Barrientos to third
Jose Garibay to second
Batting: LHB Jesus Huante 0-0: Swinging Strike
0-1: Swinging Strike
0-2: Ball
1-2: Ball
2-2: Strikes out swinging
Batting: RHB Jeff Floyd 0-0: Fly out, F8 (Flyball, 89D, EV 75.6 MPH)
Top of the 9th over - 2 runs, 2 hits, 0 errors, 3 left on base; University of Georgia 4 - Arizona State University 10
Thursday, March 31st , 2022 - OOTP Baseball 22.12 Build 89